[Event "Ural District-ch Women 2020"]
[Site "Chelyabinsk"]
[Date "2020.09.30"]
[Round "4.1"]
[White "Mukhina, Jana"]
[Black "Semenova, Elena"]
[Result "0-1"]
[ECO "A09"]
[WhiteElo "2068"]
[BlackElo "2283"]
[Annotator "ChessBase"]
[PlyCount "110"]
[EventDate "2020.10.01"]
[EventType "swiss"]
[EventCountry "RUS"]
[SourceTitle "playchess.com"]
[Source "ChessBase"]
[SourceQuality "1"]
[TimeControl "5400+30"]

1. Nf3 d5 2. c4 d4 3. b4 g6 4. g3 Bg7 5. d3 a5 6. b5 c5 7. bxc6 Nxc6 8. Na3 e5 9. Nb5 Nge7 10. Bb2 O-O 11. Bg2 Na7 12. Na3 Bd7 13. O-O Bc6 14. Qd2 Nf5 15. Ne1 h5 16. Bc1 h4 17. Bxc6 Nxc6 18. Nb5 Bh6 19. Qd1 hxg3 20. hxg3 Bxc1 21. Qxc1 Kg7 22. Nf3 Rh8 23. Kg2 Qd7 24. Qb2 Nh4+ 25. Nxh4 g5 26. Nf5+ Qxf5 27. Rh1 Ne7 28. Nd6 Qd7 29. Ne4 Qc6 30. f3 Nf5 31. Rab1 Ne3+ 32. Kf2 Rxh1 33. Rxh1 Rh8 34. Rxh8 Nd1+ 35. Kg2 Nxb2 36. Rh5 f6 37. g4 Nd1 38. Rh1 Ne3+ 39. Kf2 Qb6 40. a4 Qb4 41. Ra1 b6 42. c5 bxc5 43. Rc1 Qxa4 44. Rxc5 Qd1 45. Ng3 a4 46. Ra5 Kf8 47. Ra8+ Ke7 48. Ra7+ Kd8 49. Ra6 Nc2 50. Ra8+ Kc7 51. Rxa4 Qe1+ 52. Kg2 Ne3+ 53. Kh3 Qf2 54. Rc4+ Kb6 55. Rb4+ Ka5 0-1

[Event "Ural District-ch Women 2020"]
[Site "Chelyabinsk"]
[Date "2020.09.30"]
[Round "4.2"]
[White "Nasybullina, Dayana"]
[Black "Filippova, Darya"]
[Result "0-1"]
[ECO "C07"]
[WhiteElo "1787"]
[BlackElo "2032"]
[Annotator "ChessBase"]
[PlyCount "114"]
[EventDate "2020.10.01"]
[EventType "swiss"]
[EventCountry "RUS"]
[SourceTitle "playchess.com"]
[Source "ChessBase"]
[SourceQuality "1"]
[TimeControl "5400+30"]

1. e4 e6 2. d4 d5 3. Nd2 c5 4. Ngf3 cxd4 5. exd5 Qxd5 6. Bc4 Qh5 7. O-O Nf6 8. Nxd4 Qxd1 9. Rxd1 a6 10. a4 Bc5 11. N2f3 O-O 12. c3 Nbd7 13. b4 Ba7 14. a5 Ne4 15. Bb2 e5 16. Bd5 exd4 17. Bxe4 Nf6 18. Bc2 dxc3 19. Bxc3 Be6 20. Bxf6 gxf6 21. Be4 Rab8 22. Nd4 Bg4 23. Nf3 Rfe8 24. Re1 Re6 25. h3 Bh5 26. Bf5 Rd6 27. g4 Bg6 28. Bxg6 hxg6 29. Rac1 Rd7 30. Red1 Re7 31. Re1 Rd7 32. Rc4 Kf8 33. Rec1 Rbd8 34. Kg2 Bb8 35. Rc8 Bd6 36. R8c4 Be7 37. Rb1 Rd5 38. Rb3 R8d7 39. Rc8+ Kg7 40. Rc4 Bf8 41. h4 Be7 42. Kg3 Rd3 43. Rxd3 Rxd3 44. Kg2 Rb3 45. Rc7 Bf8 46. Rxb7 Rxb4 47. Ra7 Rxg4+ 48. Kf1 Rf4 49. Ke2 Ra4 50. Rxa6 Bb4 51. Ra8 Rxa5 52. Rxa5 Bxa5 53. Kf1 Kh6 54. Kg2 Kh5 55. Kh3 Bb6 56. Kg3 Bc5 57. Nd2 f5 0-1

[Event "Ural District-ch Women 2020"]
[Site "Chelyabinsk"]
[Date "2020.09.30"]
[Round "4.3"]
[White "Shamsutdinova, Karina"]
[Black "Shnayder, Violetta"]
[Result "1-0"]
[ECO "A48"]
[WhiteElo "1763"]
[BlackElo "1923"]
[Annotator "ChessBase"]
[PlyCount "113"]
[EventDate "2020.10.01"]
[EventType "swiss"]
[EventCountry "RUS"]
[SourceTitle "playchess.com"]
[Source "ChessBase"]
[SourceQuality "1"]
[TimeControl "5400+30"]

1. Nf3 Nf6 2. d4 g6 3. c4 Bg7 4. Nc3 O-O 5. e4 d6 6. h3 Nc6 7. Be2 e5 8. d5 Ne7 9. g4 c6 10. Be3 Bd7 11. Nd2 Ne8 12. g5 f5 13. f3 a6 14. a4 Nc7 15. a5 f4 16. Bf2 c5 17. h4 h6 18. gxh6 Bxh6 19. Na4 Nc8 20. Qb3 Rb8 21. Nb6 Be8 22. Bf1 g5 23. hxg5 Bxg5 24. Nxc8 Qxc8 25. Rg1 b5 26. Rxg5+ Kf7 27. Qd1 Bd7 28. Bd3 Rh8 29. Ke2 bxc4 30. Nxc4 Nb5 31. Qg1 Rh7 32. Rg6 Qh8 33. Rb1 Rh6 34. Rxh6 Qxh6 35. Nb6 Bh3 36. Bxb5 axb5 37. Qh1 Rh8 38. a6 Qg7 39. a7 Bg2 40. Qg1 Bxf3+ 41. Kxf3 Rh3+ 42. Ke2 Qh7 43. Qg2 f3+ 44. Qxf3+ Rxf3 45. Kxf3 Qh5+ 46. Ke3 Qg5+ 47. Kd3 c4+ 48. Kc3 Qf4 49. Kb4 Qxf2 50. a8=Q c3 51. Qb7+ Kg6 52. bxc3 Qc5+ 53. Kb3 b4 54. Qc6 Qe3 55. Qxd6+ Kg5 56. Qxe5+ Kg4 57. Rg1+ 1-0

[Event "Ural District-ch Women 2020"]
[Site "Chelyabinsk"]
[Date "2020.09.30"]
[Round "4.4"]
[White "Baranova, Elizaveta"]
[Black "Chigaeva, Anastasia"]
[Result "0-1"]
[ECO "A07"]
[WhiteElo "1620"]
[BlackElo "2175"]
[Annotator "ChessBase"]
[PlyCount "116"]
[EventDate "2020.10.01"]
[EventType "swiss"]
[EventCountry "RUS"]
[SourceTitle "playchess.com"]
[Source "ChessBase"]
[SourceQuality "1"]
[TimeControl "5400+30"]

1. Nf3 d5 2. g3 c6 3. Bg2 Nf6 4. O-O Bg4 5. d4 e6 6. Nbd2 Bd6 7. Re1 O-O 8. e4 dxe4 9. Nxe4 Nxe4 10. Rxe4 Bf5 11. Re1 h6 12. c3 Nd7 13. Be3 Qc7 14. Qd2 Rfd8 15. Nh4 Bh7 16. f4 Nf6 17. Bh3 c5 18. Qf2 Ne4 19. Qf3 Be7 20. f5 Ng5 21. Bxg5 hxg5 22. fxe6 gxh4 23. exf7+ Kh8 24. Bf5 g6 25. Bxg6 Bxg6 26. Re6 Rd6 27. Rae1 Rxe6 28. Rxe6 Bh7 29. Qe3 Bf8 30. Re8 Rb8 31. Qe6 Kg7 32. d5 Rd8 33. g4 Rd6 34. Qe5+ Kxf7 35. Re6 Be7 36. g5 Qd8 37. Qf4+ Kg8 38. Qe3 Rxe6 39. Qxe6+ Kg7 40. Qh6+ Kh8 41. g6 Qg8 42. Qxh7+ Qxh7 43. gxh7 c4 44. Kf2 Kxh7 45. Ke3 Kg6 46. Ke4 Kf6 47. h3 Bc5 48. b3 b5 49. bxc4 bxc4 50. d6 Ke6 51. d7 Bb6 52. a3 Kxd7 53. Kd5 Bf2 54. Kxc4 Kc6 55. Kb4 Bc5+ 56. Kb3 Kb5 57. a4+ Ka5 58. Kc4 Be7 0-1

[Event "Ural District-ch Women 2020"]
[Site "Chelyabinsk"]
[Date "2020.09.30"]
[Round "4.5"]
[White "Kalenichenko, Alina"]
[Black "Mironenko, Galina"]
[Result "1-0"]
[ECO "E47"]
[WhiteElo "1513"]
[BlackElo "2100"]
[Annotator "ChessBase"]
[PlyCount "147"]
[EventDate "2020.10.01"]
[EventType "swiss"]
[EventCountry "RUS"]
[SourceTitle "playchess.com"]
[Source "ChessBase"]
[SourceQuality "1"]
[TimeControl "5400+30"]

1. d4 Nf6 2. c4 e6 3. Nc3 Bb4 4. e3 O-O 5. Bd3 c5 6. Nf3 d5 7. O-O cxd4 8. exd4 dxc4 9. Bxc4 b6 10. Bg5 Bb7 11. Qe2 Nbd7 12. Rac1 Rc8 13. Bb3 Re8 14. Ne5 h6 15. Bh4 Be7 16. Nxf7 Qc7 17. Qxe6 Nf8 18. Qf5 g6 19. Nd6+ Kh7 20. Nxe8 Rxe8 21. Qd3 Qf4 22. Bg3 Qg4 23. Rfe1 h5 24. f3 Qd7 25. Ba4 Bc6 26. Bxc6 Qxc6 27. Ne4 Qa8 28. Ng5+ Kg8 29. Qc4+ Qd5 30. Qxd5+ Nxd5 31. h4 Rd8 32. a3 Bf6 33. Be5 Bxg5 34. hxg5 Kf7 35. Rc6 Rd7 36. Rec1 Ne6 37. Rd6 Rxd6 38. Bxd6 Nxg5 39. Rc8 Ne6 40. Be5 g5 41. Rh8 Kg6 42. Ra8 a5 43. Ra7 g4 44. Rd7 Ne3 45. Rd6 Kf5 46. Rxb6 gxf3 47. gxf3 Nc4 48. Rb5 a4 49. Kf2 h4 50. Rb4 Nd2 51. Bh2 Ng5 52. Rb5+ Kg6 53. Bf4 Nh3+ 54. Ke3 Nf1+ 55. Ke4 Ng3+ 56. Ke5 Ng1 57. Bxg3 hxg3 58. f4 g2 59. f5+ Kh5 60. Rb8 Nh3 61. Rh8+ Kg4 62. Rg8+ Ng5 63. Kf6 g1=Q 64. Rxg5+ Kf4 65. Rxg1 Ke4 66. Ke6 Kxd4 67. f6 Kc4 68. f7 Kb3 69. f8=Q Ka2 70. Qf6 Kb3 71. Rg3+ Ka2 72. Qc3 Ka1 73. Rg1+ Ka2 74. Qc4+ 1-0

[Event "Ural District-ch Women 2020"]
[Site "Chelyabinsk"]
[Date "2020.10.01"]
[Round "5.1"]
[White "Semenova, Elena"]
[Black "Shamsutdinova, Karina"]
[Result "1-0"]
[ECO "B40"]
[WhiteElo "2283"]
[BlackElo "1763"]
[Annotator "ChessBase"]
[PlyCount "71"]
[EventDate "2020.10.01"]
[EventType "swiss"]
[EventCountry "RUS"]
[SourceTitle "playchess.com"]
[Source "ChessBase"]
[SourceQuality "1"]
[TimeControl "5400+30"]

1. e4 c5 2. Nf3 e6 3. d4 cxd4 4. Nxd4 Nf6 5. Nc3 Nc6 6. Nxc6 bxc6 7. e5 Nd5 8. Ne4 Qc7 9. f4 Qb6 10. c4 Bb4+ 11. Ke2 f5 12. Nf2 Nc3+ 13. bxc3 Bxc3 14. Ba3 Bxa1 15. Qxa1 Ba6 16. Qc3 Rb8 17. Kf3 Rg8 18. Bd6 Ra8 19. h4 h6 20. c5 Qb7 21. Bd3 Bxd3 22. Qxd3 Qb5 23. Qc2 Qa5 24. a4 Kf7 25. g4 g6 26. h5 Qb4 27. Rb1 Qa3+ 28. Rb3 Qa1 29. hxg6+ Kxg6 30. gxf5+ exf5 31. Ke2 h5 32. Nd1 Kh6 33. Ne3 h4 34. Nxf5+ Kh5 35. Ne3 Qxa4 36. Qh7# 1-0

[Event "Ural District-ch Women 2020"]
[Site "Chelyabinsk"]
[Date "2020.10.01"]
[Round "5.2"]
[White "Filippova, Darya"]
[Black "Filippova, Margarita"]
[Result "1/2-1/2"]
[ECO "D11"]
[WhiteElo "2032"]
[BlackElo "1931"]
[Annotator "ChessBase"]
[PlyCount "82"]
[EventDate "2020.10.01"]
[EventType "swiss"]
[EventCountry "RUS"]
[SourceTitle "playchess.com"]
[Source "ChessBase"]
[SourceQuality "1"]
[TimeControl "5400+30"]

1. d4 d5 2. c4 c6 3. Nf3 Nf6 4. g3 Bg4 5. Bg2 e6 6. O-O Nbd7 7. Nbd2 Be7 8. Re1 O-O 9. b3 Bb4 10. Bb2 Ne4 11. a3 Bxf3 12. axb4 Bxg2 13. Kxg2 f5 14. f3 Ng5 15. e3 a5 16. bxa5 Rxa5 17. Qc2 h5 18. Rxa5 Qxa5 19. Bc3 Qc7 20. Qd1 Nf6 21. Qe2 Ra8 22. Ra1 Rxa1 23. Bxa1 Qa5 24. Qd1 Qa2 25. Bc3 Nf7 26. Qb1 Qxb1 27. Nxb1 g5 28. Bb4 g4 29. Be7 Kg7 30. c5 e5 31. Bxf6+ Kxf6 32. f4 e4 33. Nc3 Ke6 34. b4 Kd7 35. Kf2 Nd8 36. Ke2 Kc7 37. b5 Ne6 38. Kd2 Nd8 39. b6+ Kc8 40. Ke2 Ne6 41. Na2 Nd8 1/2-1/2

[Event "Ural District-ch Women 2020"]
[Site "Chelyabinsk"]
[Date "2020.10.01"]
[Round "5.3"]
[White "Chigaeva, Anastasia"]
[Black "Kalenichenko, Alina"]
[Result "0-1"]
[ECO "A00"]
[WhiteElo "2175"]
[BlackElo "1513"]
[Annotator "ChessBase"]
[PlyCount "124"]
[EventDate "2020.10.01"]
[EventType "swiss"]
[EventCountry "RUS"]
[SourceTitle "playchess.com"]
[Source "ChessBase"]
[SourceQuality "1"]
[TimeControl "5400+30"]

1. g3 g6 2. Bg2 Bg7 3. e4 c5 4. Ne2 Nc6 5. O-O d6 6. c3 e5 7. d3 Qb6 8. Na3 Nge7 9. Be3 Be6 10. Qd2 O-O 11. Nc4 Qc7 12. Bh6 b5 13. Bxg7 Kxg7 14. Ne3 f6 15. f4 Bf7 16. Ng4 Ng8 17. Rf2 h5 18. Ne3 Qe7 19. Bf3 Nh6 20. Nd5 Bxd5 21. exd5 Nb8 22. a4 bxa4 23. Rxa4 Nd7 24. Rf1 Nb6 25. Ra6 c4 26. Rfa1 Rfe8 27. Bg2 cxd3 28. Qxd3 Qc7 29. b4 Rec8 30. fxe5 fxe5 31. Be4 Qf7 32. Qf3 Qxf3 33. Bxf3 Nf7 34. Rxa7 Rxa7 35. Rxa7 Rc4 36. Bg2 Rc8 37. Bh3 Rf8 38. Be6 Kf6 39. Ra6 Nc4 40. Rc6 Ne3 41. Kf2 Ng4+ 42. Bxg4 hxg4 43. b5 Ng5 44. b6 Kf5 45. Ke3 Ne4 46. b7 Rb8 47. Rb6 Nc5 48. Rxd6 Rxb7 49. Rd8 Kf6 50. Rc8 Nd7 51. Rc6+ Kf7 52. Kd3 Nf6 53. c4 Rd7 54. Nc3 Ra7 55. c5 Ra3 56. Rc7+ Ke8 57. Kd2 Rxc3 58. Rc8+ Kd7 59. Kxc3 Kxc8 60. Kc4 Kd7 61. d6 Kc6 62. Kb4 Nd7 0-1

[Event "Ural District-ch Women 2020"]
[Site "Chelyabinsk"]
[Date "2020.10.01"]
[Round "5.4"]
[White "Mikheeva, Galina"]
[Black "Shnayder, Violetta"]
[Result "1/2-1/2"]
[ECO "B06"]
[WhiteElo "1901"]
[BlackElo "1923"]
[Annotator "ChessBase"]
[PlyCount "70"]
[EventDate "2020.10.01"]
[EventType "swiss"]
[EventCountry "RUS"]
[SourceTitle "playchess.com"]
[Source "ChessBase"]
[SourceQuality "1"]
[TimeControl "5400+30"]

1. e4 g6 2. d4 Bg7 3. Nc3 d6 4. f4 Nc6 5. Be3 a6 6. Nf3 Bg4 7. Be2 e5 8. d5 Bxf3 9. Bxf3 Nd4 10. fxe5 dxe5 11. O-O Ne7 12. Ne2 Nxf3+ 13. Rxf3 f5 14. exf5 gxf5 15. Bg5 Qd7 16. Bxe7 Qxe7 17. Rxf5 O-O-O 18. Nc3 Qb4 19. Rg5 Qxb2 20. Na4 Qb4 21. c3 Qe7 22. Qg4+ Rd7 23. d6 Qxd6 24. Rxg7 Rhd8 25. Rxh7 Kb8 26. Rxd7 Rxd7 27. Qe4 b5 28. Nb2 Qc5+ 29. Kh1 Qxc3 30. Qb1 Rd2 31. Nd1 Qd4 32. h3 e4 33. Qc1 e3 34. Nxe3 Qxe3 35. Qc6 Re2 1/2-1/2

[Event "Ural District-ch Women 2020"]
[Site "Chelyabinsk"]
[Date "2020.10.01"]
[Round "5.5"]
[White "Semenova, Anastasia"]
[Black "Mukhina, Jana"]
[Result "0-1"]
[ECO "B09"]
[WhiteElo "1757"]
[BlackElo "2068"]
[Annotator "ChessBase"]
[PlyCount "56"]
[EventDate "2020.10.01"]
[EventType "swiss"]
[EventCountry "RUS"]
[SourceTitle "playchess.com"]
[Source "ChessBase"]
[SourceQuality "1"]
[TimeControl "5400+30"]

1. e4 d6 2. d4 Nf6 3. Nc3 g6 4. f4 Bg7 5. Nf3 O-O 6. Be3 a6 7. a4 b6 8. Be2 Bb7 9. e5 Ng4 10. Bc1 c5 11. dxc5 bxc5 12. h3 Nh6 13. Be3 Nf5 14. Bf2 dxe5 15. Qxd8 Rxd8 16. fxe5 Nd4 17. O-O-O Nbc6 18. Nxd4 Nxd4 19. Bc4 Bxg2 20. Rhe1 Nf3 21. Rxd8+ Rxd8 22. Rd1 Bh6+ 23. Kb1 Rxd1+ 24. Nxd1 Nd2+ 25. Ka2 Nxc4 26. e6 Bxh3 27. Bxc5 Bxe6 28. b3 Nd6 0-1

[Event "Ural District-ch Women 2020"]
[Site "Chelyabinsk"]
[Date "2020.10.02"]
[Round "6.1"]
[White "Kalenichenko, Alina"]
[Black "Semenova, Elena"]
[Result "0-1"]
[ECO "D20"]
[WhiteElo "1513"]
[BlackElo "2283"]
[Annotator "ChessBase"]
[PlyCount "96"]
[EventDate "2020.10.01"]
[EventType "swiss"]
[EventCountry "RUS"]
[SourceTitle "playchess.com"]
[Source "ChessBase"]
[SourceQuality "1"]
[TimeControl "5400+30"]

1. d4 d5 2. c4 dxc4 3. e4 Nf6 4. Nc3 e5 5. Nf3 exd4 6. Qxd4 Qxd4 7. Nxd4 Bc5 8. Ndb5 Na6 9. Bf4 O-O 10. Nxc7 Nxc7 11. Bxc7 b5 12. f3 Bd7 13. O-O-O b4 14. Nd5 Nxd5 15. Rxd5 Be3+ 16. Kb1 Be6 17. Rb5 Rfc8 18. Rb7 c3 19. Bd3 Bb6 20. Bxb6 axb6 21. b3 Rd8 22. Rd1 Rd6 23. e5 Rd5 24. Rxb6 g5 25. Rb5 Rxb5 26. Bxb5 c2+ 27. Kxc2 Rxa2+ 28. Kd3 Rxg2 29. Bc4 Rxh2 30. Bxe6 fxe6 31. Kc4 Rh4+ 32. Kc5 Rf4 33. Rd8+ Kg7 34. Rd7+ Kg6 35. Re7 Rxf3 36. Rxe6+ Kf7 37. Ra6 Rxb3 38. Kd5 g4 39. Rf6+ Kg7 40. Ke6 h5 41. Ke7 g3 42. Rf7+ Kh6 43. Kf8 Re3 44. Rg7 h4 45. Rg4 Kh5 46. Rxb4 Rxe5 47. Kf7 g2 48. Rb1 Rf5+ 0-1

[Event "Ural District-ch Women 2020"]
[Site "Chelyabinsk"]
[Date "2020.10.02"]
[Round "6.2"]
[White "Mikheeva, Galina"]
[Black "Filippova, Darya"]
[Result "1-0"]
[ECO "C44"]
[WhiteElo "1901"]
[BlackElo "2032"]
[Annotator "ChessBase"]
[PlyCount "48"]
[EventDate "2020.10.01"]
[EventType "swiss"]
[EventCountry "RUS"]
[SourceTitle "playchess.com"]
[Source "ChessBase"]
[SourceQuality "1"]
[TimeControl "5400+30"]

1. e4 e5 2. Nf3 Nc6 3. d4 exd4 4. Bc4 d6 5. Nxd4 Nf6 6. Nxc6 bxc6 7. Nc3 Be7 8. O-O O-O 9. Bf4 Bg4 10. Qd3 Rb8 11. Bb3 Qc8 12. h3 Bh5 13. e5 Ne8 14. Qg3 d5 15. Be3 a5 16. f4 f6 17. Na4 Bf7 18. Nc5 Kh8 19. Nd3 Bg8 20. Rae1 g6 21. f5 fxe5 22. Nxe5 gxf5 23. Nxc6 Bb4 24. Bd4+ Nf6 1-0

[Event "Ural District-ch Women 2020"]
[Site "Chelyabinsk"]
[Date "2020.10.02"]
[Round "6.3"]
[White "Mukhina, Jana"]
[Black "Nasybullina, Dayana"]
[Result "1-0"]
[ECO "E42"]
[WhiteElo "2068"]
[BlackElo "1787"]
[Annotator "ChessBase"]
[PlyCount "69"]
[EventDate "2020.10.01"]
[EventType "swiss"]
[EventCountry "RUS"]
[SourceTitle "playchess.com"]
[Source "ChessBase"]
[SourceQuality "1"]
[TimeControl "5400+30"]

1. d4 Nf6 2. c4 e6 3. Nc3 Bb4 4. e3 c5 5. Nge2 b6 6. a3 Ba5 7. Rb1 Na6 8. g3 Bb7 9. d5 Ne4 10. Bg2 Nxc3 11. Nxc3 Bxc3+ 12. bxc3 d6 13. Qa4+ Kf8 14. O-O e5 15. f4 Qe8 16. Qc2 f6 17. a4 Bc8 18. a5 Rb8 19. axb6 axb6 20. fxe5 Qxe5 21. e4 g5 22. Rb3 Kg7 23. Bd2 h5 24. Rfb1 h4 25. Qd3 h3 26. Bh1 Kh6 27. Rxb6 Rxb6 28. Rxb6 Nc7 29. Bf3 Ba6 30. Rc6 Qe7 31. e5 fxe5 32. Qf5 Bc8 33. Rxd6+ Ne6 34. dxe6 Rf8 35. Bxg5+ 1-0

[Event "Ural District-ch Women 2020"]
[Site "Chelyabinsk"]
[Date "2020.10.02"]
[Round "6.4"]
[White "Filippova, Margarita"]
[Black "Shamsutdinova, Karina"]
[Result "1-0"]
[ECO "A38"]
[WhiteElo "1931"]
[BlackElo "1763"]
[Annotator "ChessBase"]
[PlyCount "113"]
[EventDate "2020.10.01"]
[EventType "swiss"]
[EventCountry "RUS"]
[SourceTitle "playchess.com"]
[Source "ChessBase"]
[SourceQuality "1"]
[TimeControl "5400+30"]

1. Nf3 Nf6 2. c4 c5 3. Nc3 Nc6 4. g3 g6 5. Bg2 Bg7 6. O-O O-O 7. e4 e5 8. d3 d6 9. Nd5 Nxd5 10. cxd5 Nd4 11. Nd2 f5 12. f4 exf4 13. gxf4 Qh4 14. Nf3 Nxf3+ 15. Qxf3 Bd7 16. Rb1 c4 17. dxc4 fxe4 18. Qe3 Bf5 19. b4 b6 20. Bb2 Bxb2 21. Rxb2 Qe7 22. Re1 Rfe8 23. a4 Rac8 24. Bf1 Qd7 25. Ra2 Qb7 26. Rb1 a6 27. Rab2 Re7 28. Re1 b5 29. axb5 axb5 30. c5 Qxd5 31. Rd2 Qb7 32. Rxd6 Rc6 33. Rd8+ Kf7 34. Red1 Re8 35. Rxe8 Kxe8 36. Qd4 Kf7 37. Qd5+ Kg7 38. Ra1 Rc7 39. Qxb7 Rxb7 40. Ra5 Bd7 41. Kf2 Bc6 42. Ke3 Kf7 43. Ra6 Bd5 44. c6 Rc7 45. Bxb5 Ke6 46. Ba4 Kd6 47. b5 Bc4 48. Ra8 Kc5 49. Rb8 Ra7 50. b6 Rxa4 51. c7 Ra3+ 52. Kxe4 Be6 53. b7 Bf5+ 54. Ke5 Re3+ 55. Kf6 Re6+ 56. Kf7 Kd6 57. Rd8+ 1-0

[Event "Ural District-ch Women 2020"]
[Site "Chelyabinsk"]
[Date "2020.10.02"]
[Round "6.5"]
[White "Mesheryakova, Anfisa"]
[Black "Chigaeva, Anastasia"]
[Result "0-1"]
[ECO "C01"]
[WhiteElo "1505"]
[BlackElo "2175"]
[Annotator "ChessBase"]
[PlyCount "64"]
[EventDate "2020.10.01"]
[EventType "swiss"]
[EventCountry "RUS"]
[SourceTitle "playchess.com"]
[Source "ChessBase"]
[SourceQuality "1"]
[TimeControl "5400+30"]

1. e4 e6 2. d4 d5 3. exd5 exd5 4. Bd3 Bd6 5. Nf3 Ne7 6. h3 O-O 7. c3 Bf5 8. Qc2 Qd7 9. Nh4 Qe6+ 10. Be3 Bxd3 11. Qxd3 Bf4 12. O-O Bxe3 13. Qxe3 Qxe3 14. fxe3 f5 15. Nd2 Nd7 16. Nhf3 Rae8 17. Rfe1 Rf6 18. c4 Re6 19. Kf2 h6 20. a3 g5 21. Rac1 g4 22. Nh4 Rf8 23. Kg3 Nf6 24. hxg4 fxg4 25. cxd5 Nexd5 26. Ng6 Nh5+ 27. Kxg4 Rxg6+ 28. Kxh5 Rg5+ 29. Kxh6 Rgf5 30. Ne4 R8f7 31. Ng5 Rg7 32. Ne4 Rh7+ 0-1

[Event "Ural District-ch Women 2020"]
[Site "Chelyabinsk"]
[Date "2020.10.03"]
[Round "7.1"]
[White "Semenova, Elena"]
[Black "Chigaeva, Anastasia"]
[Result "1-0"]
[ECO "C02"]
[WhiteElo "2284"]
[BlackElo "2162"]
[Annotator "ChessBase"]
[PlyCount "99"]
[EventDate "2020.10.01"]
[EventType "swiss"]
[EventCountry "RUS"]
[SourceTitle "playchess.com"]
[Source "ChessBase"]
[SourceQuality "1"]
[TimeControl "5400+30"]

1. e4 e6 2. d4 d5 3. e5 c5 4. c3 Nc6 5. Nf3 Bd7 6. Be2 f6 7. Bd3 Qb6 8. O-O O-O-O 9. Na3 fxe5 10. Nxe5 Nxe5 11. dxe5 Ne7 12. Rb1 Nc6 13. Bf4 Be7 14. Nc2 g5 15. Bg3 h5 16. h3 c4 17. Be2 h4 18. Bh2 Qc7 19. Nd4 Nxd4 20. Qxd4 Bc5 21. Qd2 Rdf8 22. b4 Bb6 23. Bg4 Qd8 24. a4 Qe7 25. a5 Bc7 26. f3 Qg7 27. Qe3 Bb8 28. Kh1 Rhg8 29. Rbe1 Qg6 30. Bg1 Qd3 31. Qc5+ Kd8 32. Be3 Rf7 33. Bd4 Qc2 34. b5 Qa4 35. Ra1 Qb3 36. Rfb1 Qc2 37. Qb4 Bc8 38. Rb2 Qd3 39. Rba2 Qh7 40. a6 b6 41. Bxb6+ axb6 42. a7 Bxa7 43. Qd6+ Ke8 44. Bxe6 Bxe6 45. Qxe6+ Kf8 46. Qd6+ Ke8 47. Rxa7 Rxa7 48. Qb8+ Kf7 49. Rxa7+ Kg6 50. Qxb6+ 1-0

[Event "Ural District-ch Women 2020"]
[Site "Chelyabinsk"]
[Date "2020.10.03"]
[Round "7.2"]
[White "Mukhina, Jana"]
[Black "Mikheeva, Galina"]
[Result "1/2-1/2"]
[ECO "C61"]
[WhiteElo "2025"]
[BlackElo "1901"]
[Annotator "ChessBase"]
[PlyCount "126"]
[EventDate "2020.10.01"]
[EventType "swiss"]
[EventCountry "RUS"]
[SourceTitle "playchess.com"]
[Source "ChessBase"]
[SourceQuality "1"]
[TimeControl "5400+30"]

1. e4 e5 2. Nf3 Nc6 3. Bb5 Nd4 4. Nxd4 exd4 5. O-O c6 6. Bc4 b5 7. Bb3 h5 8. f4 Bc5 9. d3 d6 10. f5 Bd7 11. Nd2 Nf6 12. Nf3 Ng4 13. Bf4 Qe7 14. h3 Ne5 15. a4 b4 16. a5 Rb8 17. Kh1 Nxf3 18. Qxf3 f6 19. Bc4 Kd8 20. Ra4 Rb7 21. Qg3 Rb8 22. Qe1 Re8 23. Qh4 Rh8 24. Bb3 Kc7 25. Bd2 Kc8 26. Qe1 d5 27. exd5 Qxe1 28. Bxe1 cxd5 29. Ra1 Bc6 30. Bg3 Rb7 31. Rfe1 Re7 32. Rxe7 Bxe7 33. Bf2 Bc5 34. c3 bxc3 35. bxc3 Rd8 36. cxd4 Bb4 37. Bd1 Rh8 38. Ba4 Bxa4 39. Rxa4 Bc3 40. Ra3 Bb4 41. Ra4 Bc3 42. Kg1 Kd7 43. Ra3 Rc8 44. Kh2 Bb4 45. Ra4 Bd2 46. Ra2 Bf4+ 47. Bg3 Bc1 48. a6 Bg5 49. Ra5 Rc6 50. Rxd5+ Kc8 51. Rd6 Rc3 52. d5 h4 53. Be1 Rxd3 54. Rc6+ Kd7 55. Kg1 Be3+ 56. Kf1 Rxd5 57. Rc4 Rxf5+ 58. Ke2 Bb6 59. Bxh4 Ra5 60. Be1 Rxa6 61. Rg4 g5 62. h4 gxh4 63. Bxh4 Bc5 1/2-1/2

[Event "Ural District-ch Women 2020"]
[Site "Chelyabinsk"]
[Date "2020.10.03"]
[Round "7.3"]
[White "Mironenko, Galina"]
[Black "Filippova, Margarita"]
[Result "1-0"]
[ECO "C42"]
[WhiteElo "2061"]
[BlackElo "1896"]
[Annotator "ChessBase"]
[PlyCount "99"]
[EventDate "2020.10.01"]
[EventType "swiss"]
[EventCountry "RUS"]
[SourceTitle "playchess.com"]
[Source "ChessBase"]
[SourceQuality "1"]
[TimeControl "5400+30"]

1. e4 e5 2. Nf3 Nf6 3. Nxe5 d6 4. Nf3 Nxe4 5. d4 d5 6. Bd3 Bd6 7. O-O O-O 8. c4 c6 9. Nc3 Nxc3 10. bxc3 h6 11. Re1 Nd7 12. cxd5 cxd5 13. Ne5 Nf6 14. Qf3 Be6 15. Rb1 Rb8 16. Bf4 a6 17. Kh1 Re8 18. Bg3 Ne4 19. Bxe4 dxe4 20. Qxe4 f6 21. Nf3 Bxg3 22. hxg3 Qd7 23. Qc2 Rec8 24. Nh4 b5 25. Ng6 Re8 26. Nf4 Bf5 27. Qb3+ Kh7 28. Rbd1 a5 29. d5 a4 30. Qb4 Rbc8 31. Ne6 Kg8 32. Rd4 h5 33. Qa5 Re7 34. Re3 Bb1 35. Rd2 h4 36. Qb4 Bf5 37. Rd4 hxg3 38. Rxg3 Qe8 39. Nf4 Re1+ 40. Kh2 Rb1 41. Qd6 Qe5 42. Qa6 Kf7 43. Re3 Rh8+ 44. Kg3 Qb8 45. d6 g5 46. Re7+ Kf8 47. Ra7 gxf4+ 48. Kxf4 Bc8 49. Ra8 Rh4+ 50. Kg3 1-0

[Event "Ural District-ch Women 2020"]
[Site "Chelyabinsk"]
[Date "2020.10.03"]
[Round "7.4"]
[White "Filippova, Darya"]
[Black "Baranova, Elizaveta"]
[Result "0-1"]
[ECO "B12"]
[WhiteElo "2032"]
[BlackElo "1794"]
[Annotator "ChessBase"]
[PlyCount "96"]
[EventDate "2020.10.01"]
[EventType "swiss"]
[EventCountry "RUS"]
[SourceTitle "playchess.com"]
[Source "ChessBase"]
[SourceQuality "1"]
[TimeControl "5400+30"]

1. e4 c6 2. d4 d5 3. e5 Bf5 4. h4 h6 5. c4 e6 6. Nc3 Ne7 7. Be3 dxc4 8. Bxc4 Nd7 9. Nge2 Nb6 10. Bb3 Ned5 11. Qd2 Be7 12. Ng3 Bh7 13. Nh5 Rg8 14. a4 a5 15. Kf1 Rc8 16. Nf4 Nxf4 17. Bxf4 Bxh4 18. Ne2 Nd5 19. Bxd5 cxd5 20. Rc1 Rxc1+ 21. Qxc1 Bd3 22. Rh3 Ba6 23. Rc3 Kd7 24. Bd2 Be7 25. Rf3 f6 26. Ke1 Qb6 27. Bc3 Rc8 28. Qd2 Bxe2 29. Kxe2 Qb3 30. Rg3 Bf8 31. exf6 gxf6 32. Rg6 Ke7 33. Ke1 Kf7 34. Rg3 Qxa4 35. Qd3 f5 36. Qe2 b6 37. Re3 Qa1+ 38. Kd2 Bb4 39. Qh5+ Ke7 40. Qxh6 Qxb2+ 41. Kd1 Qb1+ 42. Ke2 Qc2+ 43. Kf1 Rc6 44. Bxb4+ axb4 45. Kg1 Qd1+ 46. Kh2 Qxd4 47. Qh7+ Kd6 48. Qf7 Qh4+ 0-1